 Dungeon Crawl Stone Soup version 0.29.0-4-gdea44cf6ec (webtiles) character file.

Game seed: 2858456398097581459

135591 FluffGlitter the Marksspriggan (level 16, -6/83 HPs)
             Began as a Spriggan Hunter on Aug 26, 2022.
             Was the Champion of Hepliaklqana.
             Shot with an arrow by a naga sharpshooter (15 damage)
             ... on level 3 of the Snake Pit on Aug 27, 2022.
             The game lasted 05:12:19 (58165 turns).

FluffGlitter the Marksspriggan (Spriggan Hunter)   Turns: 58165, Time: 05:12:20

Health: -6/83      AC:  6    Str: 12    XL:     16   Next: 64%
Magic:  24/24      EV: 30    Int: 13    God:    Hepliaklqana [******]
Gold:   980        SH:  0    Dex: 28    Spells: 15/15 levels left

rFire   . . .      SeeInvis +   a - +4 arbalest of Spring {vorpal, rPois Will+ rCorr}
rCold   . . .      Faith    .   (shield currently unavailable)
rNeg    . . .      Spirit   .   L - +0 steam dragon scales
rPois   +          Reflect  .   e - +1 hat {Stlth+}
rElec   .          Harm     .   Q - scarf {repulsion}
rCorr   +          Rampage  .   (gloves unavailable)
Will    +++..                   (boots unavailable)
Stlth   +++++++++.              s - amulet of the acrobat
HPRegen 0.23/turn               o - +6 ring of dexterity
MPRegen 0.19/turn               r - ring "Earthly Heaven" {Fly Str+3 Stlth+}

@: flying, repel missiles, very quick
A: reduced essence, very small, no large weapons, unfitting armour, see
invisible, speed 3
a: Renounce Religion, Recall Ancestor, Ancestor Identity, Transference, Idealise


You were on level 3 of the Snake Pit.
You worshipped Hepliaklqana.
Hepliaklqana was exalted by your worship.
You visited 5 branches of the dungeon, and saw 27 of its levels.
You also visited: Gauntlet.

You collected 2660 gold pieces.
You spent 1680 gold pieces at shops.

Inventory:

Hand Weapons
 a - the +4 arbalest of Spring (weapon) {vorpal, rPois Will+ rCorr}
   (You acquired it on level 3 of the Lair of Beasts)

   Any ammunition fired from it inflicts extra damage upon your enemies.
   rPois:     It protects you from poison.
   rCorr:     It protects you from acid and corrosion.
   Will:      It increases your willpower.
 b - the +8 dagger of Pain and Death {flame, rN+ Stlth+}
   (You found it on level 3 of the Dungeon)

   It burns those it strikes, dealing additional fire damage.
   rN:        It protects you from negative energy.
   Stlth:     It makes you more stealthy.
 A - a +2 hand crossbow of flaming
Missiles
 Y - 5 atropa-tipped darts
Armour
 e - a +1 hat of stealth (worn)
 E - the +0 robe of Zamiomp {rC+++ Will- Int+3}
   (You found it in a Gauntlet)

   Int:       It affects your intelligence (+3).
   rC:        It renders you almost immune to cold.
   Will:      It decreases your willpower.
 L - +0 steam dragon scales (worn)
 Q - a scarf of repulsion (worn)
Jewellery
 l - a +6 ring of dexterity
 o - a +6 ring of dexterity (left hand)
 r - the ring "Earthly Heaven" (right hand) {Fly Str+3 Stlth+}
   (You bought it in a shop on level 13 of the Dungeon)

   [ring of flight]

   Str:       It affects your strength (+3).
   Fly:       It grants you flight.
   Stlth:     It makes you more stealthy.
 s - an amulet of the acrobat (around neck)
 C - the ring "Awka" {Ice rElec rPois Will+++ Slay-3}
   (You bought it in a shop on level 13 of the Dungeon)

   [ring of ice]

   It enhances your ice magic.
   Slay:      It affects your accuracy & damage with ranged weapons and melee
   (-3).
   rF:        It makes you vulnerable to fire.
   rC:        It protects you from cold.
   rElec:     It insulates you from electricity.
   rPois:     It protects you from poison.
   Will:      It greatly increases your willpower.
Wands
 c - a wand of acid (16)
 m - a wand of polymorph (4)
 p - a wand of mindburst (46)
 w - a wand of digging (17)
 G - a wand of flame (31)
 I - a wand of charming (18)
 O - a wand of roots (17)
Scrolls
 f - 3 scrolls of magic mapping
 g - 3 scrolls of immolation
 h - 3 scrolls of butterflies
 u - 2 scrolls of poison
 y - 4 scrolls of teleportation
 D - a scroll of acquirement
 H - 5 scrolls of amnesia
 N - 2 scrolls of enchant weapon
 R - 3 scrolls of fear
 U - a scroll of silence
 X - 18 scrolls of identify
Potions
 d - 9 potions of flight
 i - 6 potions of haste
 j - 4 potions of berserk rage
 k - 7 potions of brilliance
 n - 12 potions of curing
 v - 5 potions of resistance
 z - 3 potions of magic
 B - 7 potions of might
 F - 6 potions of heal wounds
 J - 5 potions of cancellation
 S - a potion of ambrosia
Miscellaneous
 M - a phial of floods


   Skills:
 + Level 14.5 Fighting
 - Level 18.0 Ranged Weapons
 - Level 10.5 Dodging
 - Level 16.4 Stealth
 * Level 9.7 Invocations
 * Level 12.4 Evocations


You had 15 spell levels left.
You didn't know any spells.
Your spell library contained the following spells:

 Spells                   Type           Power      Damage    Failure   Level
 Magic Dart               Conj           0%         1d3       30%         1
 Sandblast                Erth           0%         2d4       30%         1
 Shock                    Conj/Air       0%         1d3       30%         1
 Summon Small Mammal      Summ           0%         N/A       30%         1
 Blink                    Tloc           0%         N/A       43%         2
 Call Imp                 Summ           0%         N/A       43%         2
 Passwall                 Tmut/Erth      0%         N/A       43%         2
 Call Canine Familiar     Summ           0%         N/A       67%         3
 Confusing Touch          Hex            0%         N/A       67%         3
 Conjure Flame            Conj/Fire      0%         6-21      67%         3
 Ignite Poison            Fire/Tmut/Pois 0%         N/A       67%         3
 Lesser Beckoning         Tloc           0%         N/A       67%         3
 Mephitic Cloud           Conj/Pois/Air  0%         N/A       67%         3
 Stone Arrow              Conj/Erth      0%         3d7       67%         3
 Summon Guardian Golem    Hex/Summ       0%         N/A       67%         3
 Swiftness                Air            0%         N/A       67%         3
 Airstrike                Air            0%         2d(0-16)  97%         4
 Sticky Flame             Conj/Fire      0%         2d3       97%         4
 Alistair's Intoxication  Tmut/Pois      0%         N/A       100%        5
 Borgnjor's Vile Clutch   Necr/Erth      0%         N/A       100%        5
 Freezing Cloud           Conj/Ice/Air   0%         6-21      100%        5
 Manifold Assault         Tloc           0%         N/A       100%        5
 Yara's Violent Unravell  Hex/Tmut       0%         3d3       100%        5
 Eringya's Noxious Bog    Tmut/Pois      0%         N/A       100%        6
 Statue Form              Tmut/Erth      0%         N/A       100%        6


Dungeon Overview and Level Annotations

Branches:
Dungeon (15/15)            Temple (1/1) D:5            Lair (5/5) D:8
  Swamp (0/4) Lair:3        Snake (4/4) Lair:2        Slime (0/5) Lair:5
    Orc (2/2) D:11            Elf (0/3) Orc:2        Vaults (0/5) D:14
 Depths (0/4) D:15        Gauntlet (visited)

Altars:
Ashenzari
Cheibriados
Dithmenos
Elyvilon
Fedhas
Gozag
Hepliaklqana
Kikubaaqudgha
Makhleb
Nemelex Xobeh
Okawaru
Qazlal
Ru
Sif Muna
Trog
Uskayaw
Vehumet
Wu Jian
Xom
Yredelemnul
Zin
The Shining One
Lugonu

Shops:
D:1 [   D:7 [   D:11 (   D:13 =   Orc:2 ==[[!   Snake:1 ?=!(

Portals:
Abyss: Lair:5

Annotations:
D:6 exclusion: door


Innate Abilities, Weirdness & Mutations

Your life essence is reduced to manifest your ancestor. (-10% HP)
You are very small and have problems with some larger weapons.
You are too small for most types of armour.
You have supernaturally acute eyesight. (SInv)
You cover ground extremely quickly. (Speed+++)


Message History

You shoot a bolt. The bolt barely misses the naga.
A shock serpent comes into view.
Fire: a) +4 arbalest of Spring {vorpal, rPois Will+ rCorr}
Press: ? - help, Q - select action, (/) - cycle Shift-Dir - straight line, p - naga
Okay, then.
The naga sharpshooter unwields a +0 glaive.
The naga sharpshooter wields a +0 shortbow.
The naga sharpshooter shoots an arrow.
Raffles blocks the arrow.
The shock serpent shoots out a bolt of lightning at you!
The bolt of electricity misses you.
Fire: a) +4 arbalest of Spring {vorpal, rPois Will+ rCorr}
Press: ? - help, Q - select action, (/) - cycle Shift-Dir - straight line, f - shock serpent
Aim: a shock serpent (67% to hit)
You shoot a bolt.
The bolt barely misses the shock serpent.
Fire: a) +4 arbalest of Spring {vorpal, rPois Will+ rCorr}
Press: ? - help, Q - select action, (/) - cycle Shift-Dir - straight line, f/p - shock serpent
Aim: a shock serpent (ally target, 67% to hit)
You shoot a bolt. The bolt hits the shock serpent!!
The shock serpent is heavily wounded.
The shock serpent's electric aura discharges violently, shocking you!
The shock serpent bites you! The shock serpent shocks you!
Fire: a) +4 arbalest of Spring {vorpal, rPois Will+ rCorr}
Press: ? - help, Q - select action, (/) - cycle Shift-Dir - straight line, f/p - shock serpent
Aim: a shock serpent (heavily wounded, ally target, 67% to hit)
You shoot a bolt.
The bolt closely misses the shock serpent.
Raffles avoids your attack.
The shock serpent completely misses you.
Fire: a) +4 arbalest of Spring {vorpal, rPois Will+ rCorr}
Press: ? - help, Q - select action, (/) - cycle Shift-Dir - straight line, f/p - shock serpent
Aim: a shock serpent (heavily wounded, ally target, 67% to hit)
You shoot a bolt. The bolt hits the shock serpent!
The shock serpent is severely wounded.
The shock serpent's electric aura discharges, shocking you!
The shock serpent shoots out a bolt of lightning at you!
The bolt of electricity hits you!!
* * * LOW HITPOINT WARNING * * *
The naga sharpshooter shoots an arrow.
The arrow hits you!
You die...

.R.
##.R#...............#
..8S.
####...............#
......
#........†.......#
..<..8.
##...............#
........
##................
..8......
###....>.........
#..............
#.............
#...@.....[..
#...S........
#............
#...R######.# #....#
## ........#
.......N. ...N....##
........#


You could see the friendly Raffles the knight, a naga sharpshooter, a shock
serpent (ally target) and a naga.

Vanquished Creatures
  Asterion (Snake:2)
  3 nagarajas
  Donald (Lair:2)
  An orc warlord (Orc:1)
  A minotaur (Gauntlet)
  A salamander tyrant (Snake:2)
  A boulder beetle (D:15)
  A hell beast (Gauntlet)
  2 hydras
  A rakshasa (D:15)
  Harold (Orc:1)
  Erica (D:11)
  3 centaur warriors
  7 two-headed ogres
  5 ogre magi
  2 anacondas
  6 naga warriors
  A catoblepas (D:13)
  7 death yaks
  2 tengu warriors (D:15)
  2 thrashing horrors (Lair:5)
  6 naga sharpshooters
  2 shock serpents (Snake:3)
  Nergalle (D:12)
  6 deep elf pyromancers
  2 wizards (D:14)
  7 orc sorcerers (Orc:2)
  Pikel (D:7)
  3 naga ritualists
  A mana viper (shapeshifter) (D:14)
  8 ugly things
  5 mana vipers
  4 orc knights
  2 cyclopes
  2 manticores
  3 salamanders (Snake:2)
  15 elephants
  27 black mambas
  Joseph (D:8)
  2 smoke demons (Lair:5)
  A molten gargoyle (D:15)
  Maggie (D:7)
  A gargoyle (D:14)
  10 cane toads
  5 naga magi
  2 unseen horrors (D:11)
  7 komodo dragons
  A rime drake (Lair:2)
  2 ancient zymes (Lair:5)
  A hornet (D:7)
  A troll (shapeshifter) (Lair:5)
  A polar bear (Lair:4)
  Grinder (D:4)
  9 trolls
  Prince Ribbit (D:5)
  8 slime creatures
  13 blink frogs
  Sigmund (D:6)
  2 wraiths
  4 wyverns
  2 ynoxinuls (Lair:5)
  A large abomination (Gauntlet)
  2 spriggans (Lair:5)
  A vampire (D:12)
  18 yaks
  3 fire bats (Lair:5)
  A hog (Lair:2)
  3 basilisks
  2 chaos spawn (Lair:5)
  3 wargs
  Menkaure (D:6)
  11 vampire mosquitoes
  2 acid dragons
  11 nagas
  15 water moccasins
  2 hell hounds (D:11)
  Duvessa (D:5)
  A sky beast (D:5)
  21 orc warriors
  2 black bears
  8 ogres
  8 wolves
  8 centaurs
  A phantom (D:5)
  11 bullfrogs
  A kobold brigand (D:9)
  2 scorpions
  A gnoll sergeant (D:11)
  14 small abominations
  2 wights (D:7)
  Dowan (D:5)
  8 killer bees
  5 howler monkeys
  An electric eel (Lair:3)
  A lava snake (D:7)
  4 hounds
  12 orc priests
  3 jellies
  3 gnoll boudas
  4 iguanas
  30 orc wizards
  Natasha (D:2)
  17 gnolls
  3 adders
  A river rat (Lair:3)
  An ufetubus (D:5)
  2 worms (D:4)
  A dart slug (D:1)
  69 orcs
  5 bats
  7 endoplasms
  5 giant cockroaches
  8 goblins
  7 hobgoblins
  4 jackals (D:5)
  2 quokkas
  10 ball pythons
  6 frilled lizards
  8 kobolds
  3 rats
611 creatures vanquished.

Vanquished Creatures (collateral kills)
  Gastronok (Lair:2)
  Kirke (Snake:1)
  A frost giant (D:15)
  An orc warlord (Orc:1)
  2 anacondas (Snake:1)
  An ogre mage (Orc:2)
  3 naga warriors
  3 two-headed ogres
  3 death yaks (Lair:5)
  A shock serpent (Lair:2)
  A thrashing horror (Lair:5)
  Sonja (D:12)
  A naga sharpshooter (Snake:2)
  An orc high priest (Orc:2)
  4 naga ritualists
  3 ugly things
  3 large abominations
  An orc sorcerer (D:15)
  2 elephants
  3 mana vipers
  2 manticores (D:15)
  A salamander (Snake:2)
  5 black mambas
  A naga mage (Snake:2)
  5 cane toads
  A kobold demonologist (D:10)
  An efreet (D:14)
  2 komodo dragons
  A troll (D:10)
  A blink frog (Lair:3)
  2 slime creatures
  9 yaks
  A wyvern (Lair:4)
  A basilisk (Lair:5)
  2 steam dragons
  A hog (Snake:2)
  Grum (D:9)
  5 vampire mosquitoes
  A warg (Orc:1)
  An acid dragon (D:11)
  2 nagas (Snake:1)
  A hell hound (D:11)
  A water moccasin (D:6)
  4 orc warriors
  An ice beast (D:8)
  An ogre (Orc:2)
  5 wolves
  2 centaurs (D:13)
  A lemure (D:7)
  A kobold brigand (D:6)
  2 bullfrogs
  2 necrophages
  5 small abominations
  A wight (D:7)
  A killer bee (D:8)
  4 howler monkeys (D:9)
  8 orc priests
  A hound (D:6)
  A jelly (Lair:4)
  6 orc wizards
  3 gnolls
  17 orcs
  3 butterflies
154 creatures vanquished.

Vanquished Creatures (others)
  A human (Snake:2)
  10 knights
  2 ancestors (D:7)
  A bush (Lair:5)
  21 fungi
  34 plants
69 creatures vanquished.

Grand Total: 834 creatures vanquished

Notes
Turn   | Place    | Note
-------+----------+-------------------------------------------
     0 | D:1      | FluffGlitter the Spriggan Hunter began the quest for the
                  | Orb.
     0 | D:1      | Reached XP level 1. HP: 10/10 MP: 2/2
    74 | D:1      | m
   432 | D:1      | Reached XP level 2. HP: 14/14 MP: 3/3
   655 | D:1      | Found Pukefadi's Armour Boutique.
  1546 | D:2      | Reached XP level 3. HP: 18/18 MP: 4/4
  1604 | D:2      | Reached skill level 5 in Ranged Weapons
  1708 | D:2      | Noticed Natasha
  1884 | D:2      | Killed Natasha
  2366 | D:3      | Identified the +8 dagger of Pain and Death {flame, rN+
                  | Stlth+}
  2600 | D:3      | Reached XP level 4. HP: 23/23 MP: 5/5
  4201 | D:4      | Noticed an ogre
  4361 | D:5      | Entered Level 5 of the Dungeon
  4640 | D:4      | Reached skill level 6 in Ranged Weapons
  4640 | D:4      | Reached XP level 5. HP: 26/26 MP: 6/6
  4993 | D:4      | Killed an ogre
  4994 | D:4      | Reached XP level 6. HP: 32/32 MP: 7/7
  4997 | D:4      | Noticed Grinder
  5004 | D:4      | Reached skill level 7 in Ranged Weapons
  5125 | D:4      | Killed Grinder
  5126 | D:4      | Reached XP level 7. HP: 35/35 MP: 8/8
  5538 | D:5      | Reached skill level 8 in Ranged Weapons
  5890 | D:5      | Noticed Duvessa
  5940 | D:5      | Killed Duvessa
  6091 | D:5      | Reached skill level 5 in Stealth
  6228 | D:5      | Reached XP level 8. HP: 42/42 MP: 9/9
  6237 | D:5      | Noticed Dowan
  6309 | D:5      | Killed Dowan
  6426 | D:5      | Found a basalt altar of Yredelemnul.
  7133 | D:5      | Found a staircase to the Ecumenical Temple.
  7136 | D:5      | Noticed Prince Ribbit
  7177 | D:5      | Killed Prince Ribbit
  7178 | D:5      | Reached skill level 9 in Ranged Weapons
  7332 | Temple   | Entered the Ecumenical Temple
  7332 | Temple   | Noticed an ice devil
  7332 | Temple   | Noticed an ice devil
  7332 | Temple   | Noticed a cacodemon
  7332 | Temple   | Noticed a reaper
  7333 | Temple   | Noticed Ihotz the pandemonium lord
  7333 | Temple   | Noticed Cauw the pandemonium lord
  7336 | Temple   | Noticed Cowarr the pandemonium lord
  7361 | Temple   | Noticed a Hell Sentinel
  7377 | Temple   | Noticed Zoluuwux the pandemonium lord
  7378 | Temple   | Noticed a hellwing
  7379 | Temple   | Noticed an orange demon
  7394 | Temple   | Noticed Yshrah the pandemonium lord
  7396 | Temple   | Noticed an Ice Fiend
  7397 | Temple   | Noticed a Brimstone Fiend
  7405 | Temple   | Noticed a Tzitzimitl
  7407 | Temple   | Noticed a Hell Sentinel
  7408 | Temple   | Noticed Tah Yrch the pandemonium lord
  7440 | Temple   | Became a worshipper of Hepliaklqana the Forgotten
  8104 | D:6      | Reached * piety under Hepliaklqana
  8127 | D:6      | Noticed Menkaure
  8173 | D:6      | Killed Menkaure
  8181 | D:6      | Reached skill level 5 in Fighting
  8318 | D:6      | Reached XP level 9. HP: 37/42 MP: 10/10
  8375 | D:6      | Found an ornate altar of the Wu Jian Council.
  8378 | D:6      | Noticed Sigmund
  8392 | D:6      | Killed Sigmund
  8615 | D:6      | Noticed an unseen horror
  9163 | D:7      | Noticed Pikel
  9366 | D:7      | Killed Pikel
  9367 | D:7      | Reached skill level 10 in Ranged Weapons
  9367 | D:7      | Reached skill level 10 in Stealth
  9489 | D:7      | Found a hide-covered altar of Uskayaw.
  9589 | D:7      | Noticed Maggie
  9642 | D:7      | Killed Maggie
  9866 | D:7      | Found Sibuo's Armour Boutique.
 10188 | D:8      | Reached ** piety under Hepliaklqana
 10193 | D:8      | Reached XP level 10. HP: 47/47 MP: 11/11
 10204 | D:7      | Remembered your ancestor Raffles as a knight
 11496 | D:8      | Noticed Joseph
 11928 | D:8      | Killed Joseph
 11929 | D:8      | Reached skill level 11 in Ranged Weapons
 12097 | D:8      | Found a staircase to the Lair.
 12564 | D:10     | Entered Level 10 of the Dungeon
 12564 | D:10     | Noticed Grum
 12722 | D:9      | Reached *** piety under Hepliaklqana
 12723 | D:9      | Noticed a two-headed ogre
 12733 | D:9      | Killed a two-headed ogre
 13740 | D:9      | Killed Grum
 13987 | D:9      | Reached XP level 11. HP: 54/54 MP: 12/12
 14125 | D:10     | Reached skill level 12 in Ranged Weapons
 14479 | D:10     | Found a white marble altar of Elyvilon.
 14480 | D:10     | Found a radiant altar of Vehumet.
 14482 | D:10     | Found a glowing silver altar of Zin.
 14482 | D:10     | Found an ancient bone altar of Kikubaaqudgha.
 14694 | D:10     | Noticed a soul eater
 14849 | D:10     | Noticed a two-headed ogre
 14883 | D:10     | Killed a two-headed ogre
 15680 | D:11     | Noticed Erica
 15929 | D:11     | Found a staircase to the Orcish Mines.
 15937 | D:11     | Reached **** piety under Hepliaklqana
 16043 | D:11     | Found Lioxun's Weapon Emporium.
 16077 | D:11     | Reached skill level 15 in Stealth
 17436 | D:11     | Identified the +9 rapier of the Beast {flame, Fragile rF-
                  | rCorr Dex+8}
 17780 | D:12     | Noticed Nergalle
 17789 | D:12     | Killed Nergalle
 18030 | D:12     | Noticed Sonja
 18060 | D:12     | Killed Sonja
 18075 | D:12     | Found a sacrificial altar of Ru.
 18156 | D:12     | Noticed a deep elf pyromancer
 18162 | D:12     | Killed a deep elf pyromancer
 18163 | D:12     | Reached skill level 13 in Ranged Weapons
 18259 | D:12     | Noticed a two-headed ogre
 18270 | D:12     | Killed a two-headed ogre
 18271 | D:12     | Reached XP level 12. HP: 60/60 MP: 13/13
 18660 | D:12     | Reached ***** piety under Hepliaklqana
 18884 | D:12     | Reached skill level 1 in Evocations
 18921 | D:12     | Reached skill level 1 in Invocations
 19073 | D:13     | Noticed a centaur warrior
 19170 | Lair:1   | Entered Level 1 of the Lair of Beasts
 19787 | Lair:1   | Identified the +4 hand axe "Umiol" {elec, Str+3 Int+2}
 20266 | Lair:1   | Reached skill level 5 in Dodging
 20634 | Lair:1   | Reached skill level 10 in Fighting
 20893 | Lair:1   | Noticed a seven-headed hydra
 22611 | Lair:1   | Killed a seven-headed hydra
 22672 | Lair:1   | Identified the +4 scale mail of the Devil's Advocate {Will+
                  | Str+3}
 22848 | Lair:2   | Noticed Gastronok
 22866 | Lair:2   | Reached skill level 5 in Evocations
 23209 | Lair:2   | Found a staircase to the Snake Pit.
 24090 | Lair:2   | Killed Gastronok
 24385 | Lair:2   | Noticed a seven-headed hydra
 24402 | Lair:2   | Killed a seven-headed hydra
 24403 | Lair:2   | Reached XP level 13. HP: 64/64 MP: 17/17
 25224 | Lair:3   | Found a staircase to the Swamp.
 25244 | Lair:3   | Identified a scroll of acquirement
 25244 | Lair:3   | Acquired the +4 arbalest of Spring {vorpal, rPois Will+
                  | rCorr}
 25262 | Lair:3   | Reached skill level 14 in Ranged Weapons
 25526 | Lair:4   | Reached skill level 5 in Invocations
 25594 | Lair:4   | Found a gate leading to a gauntlet.
 25608 | Gauntlet | Entered a Gauntlet
 25608 | Gauntlet | Found a transporter.
 25608 | Gauntlet | Found a transporter.
 25646 | Gauntlet | Found a transporter.
 25654 | Gauntlet | Found a transporter.
 25654 | Gauntlet | Found a transporter.
 25657 | Gauntlet | Found a large runed translucent door.
 25658 | Gauntlet | Found a large runed translucent door.
 25659 | Gauntlet | Found a large runed translucent door.
 25659 | Gauntlet | Found a large runed translucent door.
 25659 | Gauntlet | Found a runed translucent door.
 25659 | Gauntlet | Found a runed translucent door.
 25660 | Gauntlet | Found a large runed translucent door.
 25661 | Gauntlet | Found a large runed translucent door.
 25661 | Gauntlet | Found a large runed translucent door.
 25661 | Gauntlet | Found a large runed translucent door.
 25661 | Gauntlet | Found a large runed translucent door.
 25661 | Gauntlet | Found a large runed translucent door.
 25662 | Gauntlet | Found a large runed translucent door.
 25663 | Gauntlet | Found a large runed translucent door.
 25665 | Gauntlet | Found a transporter.
 25675 | Gauntlet | Found a transporter.
 25692 | Gauntlet | Found a large runed translucent door.
 25692 | Gauntlet | Found a large runed translucent door.
 25694 | Gauntlet | Found a runed translucent gate.
 25696 | Gauntlet | Found a transporter.
 25740 | Gauntlet | Found a runed translucent gate.
 25743 | Gauntlet | Found a large runed translucent door.
 25744 | Gauntlet | Found a large runed translucent door.
 25754 | Gauntlet | Found a transporter.
 25754 | Gauntlet | Found a runed translucent gate.
 25758 | Gauntlet | Found a transporter.
 25829 | Gauntlet | Found a transporter.
 25852 | Gauntlet | Found a transporter.
 26502 | Gauntlet | Identified the +0 pair of boots of Indecent Exposure {rPois
                  | Will- Dex+5}
 26786 | Gauntlet | Noticed a minotaur
 26794 | Gauntlet | Killed a minotaur
 26829 | Gauntlet | Got Sif Muna's Volume of the Figure and Imprecation
 26831 | Gauntlet | Identified the +0 robe of Zamiomp {rC+++ Will- Int+3}
 26835 | Gauntlet | Identified the +0 tower shield of Articulation {rElec rF+
                  | Str-4}
 27520 | Lair:5   | Entered Level 5 of the Lair of Beasts
 29994 | Lair:5   | Found a staircase to the Slime Pits.
 30726 | Lair:5   | Reached XP level 14. HP: 71/71 MP: 19/19
 31308 | Lair:5   | Reached skill level 10 in Dodging
 32008 | Lair:5   | Reached skill level 15 in Ranged Weapons
 32390 | Lair:5   | Found a corrupted altar of Lugonu.
 32390 | Lair:5   | Found a one-way gate to the infinite horrors of the Abyss.
 32670 | Orc:1    | Entered Level 1 of the Orcish Mines
 32881 | D:11     | Reached skill level 10 in Evocations
 33076 | D:11     | Killed Erica
 33883 | Orc:1    | Reached ****** piety under Hepliaklqana
 34061 | Orc:2    | Entered Level 2 of the Orcish Mines
 34467 | Orc:2    | Noticed an orc warlord
 34583 | Orc:1    | Killed an orc warlord
 35662 | Orc:2    | Noticed an orc warlord
 35833 | Orc:1    | Killed an orc warlord
 36312 | Orc:1    | Noticed Harold
 36318 | Orc:1    | Killed Harold
 36629 | Orc:2    | Found a staircase to the Elven Halls.
 36653 | Orc:2    | Found Siloopp's Armour Shoppe.
 36905 | Orc:2    | Reached skill level 16 in Ranged Weapons
 37229 | Orc:2    | Found Paed's Distillery.
 37242 | Orc:2    | Bought a potion of resistance for 120 gold pieces
 37242 | Orc:2    | Bought a potion of heal wounds for 60 gold pieces
 37255 | Orc:2    | Found an ancient bone altar of Kikubaaqudgha.
 37757 | Orc:2    | Reached XP level 15. HP: 75/75 MP: 21/21
 37760 | Orc:2    | Found a radiant altar of Vehumet.
 37913 | Orc:2    | Found Vubly's Jewellery Shop.
 37922 | Orc:2    | Found Guqauczy's Jewellery Shop.
 37930 | Orc:2    | Found Nuug's Antique Armour Boutique.
 37942 | Orc:2    | Bought a steaming robe for 210 gold pieces
 37942 | Orc:2    | Identified the +1 robe of Infinity {Str+3} (You bought it
                  | in a shop on level 2 of the Orcish Mines)
 38711 | D:13     | Identified the +4 great mace "Ydud" {vorpal, rPois rC+
                  | Str+2}
 39441 | D:13     | Found Nycsiuli's Jewellery Shop.
 39445 | D:13     | Bought the ring "Earthly Heaven" {Fly Str+3 Stlth+} for 470
                  | gold pieces
 39477 | D:15     | Entered Level 15 of the Dungeon
 40638 | D:14     | Found a shimmering blue altar of Sif Muna.
 40895 | D:14     | Reached skill level 17 in Ranged Weapons
 41708 | D:14     | Found a gate to the Vaults.
 42727 | D:15     | Found a staircase to the Depths.
 42727 | D:15     | Noticed a frost giant
 42733 | D:15     | Killed a frost giant
 44015 | Snake:1  | Entered Level 1 of the Snake Pit
 44233 | D:13     | Bought the ring "Awka" {Ice rElec rPois Will+++ Slay-3} for
                  | 820 gold pieces
 44368 | Lair:2   | Reached skill level 18 in Ranged Weapons
 44775 | Snake:1  | Acquired a +2 hand crossbow of flaming
 44819 | Snake:1  | Identified the +1 scale mail of the Cockroach {rC+ Dex+2}
 44888 | Snake:1  | You fall into a shaft and drop 1 floor!
 45808 | Snake:2  | Noticed Kirke
 45808 | Snake:2  | Noticed Donald
 46617 | Snake:1  | Found Vaetekyl's Distillery.
 46617 | Snake:1  | Found Ralysoze's Jewellery Emporium.
 46732 | Snake:1  | Found Faarchui's Magic Scroll Emporium.
 46733 | Snake:1  | Found Riguc's Weapon Shoppe.
 48142 | Snake:1  | Noticed a sphinx
 48282 | Lair:2   | Killed Donald
 48283 | Lair:2   | Reached XP level 16. HP: 51/81 MP: 23/23
 48784 | Snake:1  | Killed Kirke
 49224 | Snake:1  | Found Riguc's Weapon Shoppe.
 49224 | Snake:1  | Found Faarchui's Magic Scroll Emporium.
 49226 | Snake:1  | Found Ralysoze's Jewellery Emporium.
 49230 | Snake:1  | Found Vaetekyl's Distillery.
 53325 | Snake:2  | Noticed Asterion
 53577 | Snake:2  | Killed Asterion
 57743 | Snake:4  | Entered Level 4 of the Snake Pit
 58165 | Snake:3  | Shot with an arrow by a naga sharpshooter

Illustrated notes

...............
#.###.#.#..####
#.....#.....
#.....#.#####
#.....#.#####
#.#...........#
#.............#
#####.#........
###@.........
#...#.#.###.#
#####.###.#.###.#
#....†# #........
#.#######.#.###.#
#.# #...#.#
#'#####+#...#
#..~PP.~#.###
#P..≈.≈.#.#


Turn 74 on D:1: m

Levels and vault maps discovered:
D:1:      lightli_arrival_flooded_house, layout_basic, serial_forest,
          infiniplex_forest_lined_corner, infiniplex_forest_end_3,
          infiniplex_forest_clump_large, infiniplex_forest_end_2, serial_shops,
          shop, minmay_tree_intersection, grunt_decor_junction, chequers_avenue
D:2:      kb_forest_paths, layout_basic, chequers_serial_rivers_micro_a,
          minmay_misc_feat_secret_circle, minmay_door_square,
          hangedman_decor_peaks_small, uniq_natasha
D:3:      layout_loops_ring
D:4:      layout_loops_corners, uniq_grinder
D:5:      layout_basic, mainiacjoe_overflow_paths,
          minmay_temple_entry_water_ring, uniq_prince_ribbit1, uniq_duvessa
D:6:      minmay_clustersquares, layout_basic, old_standard_altar,
          uniq_menkaure, uniq_sigmund
D:7:      layout_layer_cave, nicolae_uskayaw_suspiria, serial_shops, shop,
          minmay_misc_feat_encased, uniq_pikel, uniq_maggie
D:8:      layout_rooms, david_lair_shrubbed, st_stairs_14, uniq_joseph
D:9:      layout_roguey, hangedman_abyss_or_decor_stabs
D:10:     layout_cave_pools, mainiacjoe_overflow_alcove_3, serial_column_ruins,
          column_ruins_circle_medium, column_ruins_grid_2,
          column_ruins_open_small, column_ruins_corridor_straight,
          column_ruins_corridor_corner, column_ruins_grid_1, uniq_grum
D:11:     layout_irregular_city, david_orc_3, serial_shops,
          nicolae_shop_bloodbath_and_beyond, minmay_rotating_lava, uniq_erica
D:12:     layout_gridville, nicolae_ru_great_annihilating_truth, uniq_sonja,
          uniq_nergalle
D:13:     layout_basic, serial_shops, shop, hangedman_decor_riveting
D:14:     layout_roguey, david_vaults_1, chequers_serial_rivers_large_a,
          nicolae_sif_muna_condensation
D:15:     grunt_enter_depths_snipers, layout_gridville, kennysheep_flooded_box
Temple:   nicolae_temple_panitentiary
Lair:1:   cheibrodos_lair_river_kwai, layout_cellular_growth,
          lemuel_fruit_fields
Lair:2:   layout_roguey, dummy_snake_entry, uniq_gastronok
Lair:3:   layout_cave_shapes, minmay_swamp_entry_swarm,
          chequers_serial_rivers_micro_d, nicolae_quartered_pool_impasse, pond,
          infiniplex_staircase_pool
Lair:4:   layout_regular_city, gauntlet_entry_generic, hibernation_bobbens
Lair:5:   hellmonk_lair_end_abyssal_woods, layout_gridlike,
          nicolae_slime_entry_slimehenge, nicolae_volcano_entry_batcave,
          lemuel_fruit_fields
Snake:1:  layout_layer_cave, grunt_ministairs_2, st_stairs_6, minmay_shoptagon,
          lemuel_fruit_tree
Snake:2:  layout_misc_corridors, uniq_kirke, uniq_donald, uniq_asterion
Snake:3:  layout_cave_town, grunt_megastairs_3, uniq_agnes
Snake:4:  grunt_snake_rune_pools, layout_onion_interference, serial_shops,
          nicolae_shop_competitors_out_of_business
Orc:1:    layout_caves, basic_altar, uniq_harold
Orc:2:    kennysheep_orc_mage_school, layout_caves, serial_shops,
          nicolae_shop_competitors_out_of_business, minmay_orc_temple_c

Skill      XL: |  1  2  3  4  5  6  7  8  9 10 11 12 13 14 15 16 |
---------------+-------------------------------------------------+-----
Ranged Weapons | 5 6 7 8 9 10 11 13 14 16 18 | 18.0
Fighting       | 2 3 5 6 8 9 10 11 12 13 14 | 14.5
Stealth        | 2 3 5 8 11 13 16 | 16.4
Dodging        | 6 9 10 | 10.5
Evocations     | 5 8 10 12 | 12.4
Invocations    | 4 6 7 8 9 |  9.7

Action                   |  1- 3 |  4- 6 |  7- 9 | 10-12 | 13-15 | 16-18 || total
-------------------------+-------+-------+-------+-------+-------+-------++-------
Melee: Dagger            |    14 |     2 |    20 |     1 |       |       ||    37
 Fire: Shortbow          |    85 |   106 |   312 |   674 |    37 |       ||  1214
       Arbalest          |       |       |       |       |   897 |   229 ||  1126
Throw: Dart              |     1 |       |       |       |       |       ||     1
Invok: Recall Ancestor   |       |       |     5 |    16 |    18 |     3 ||    42
       Ancestor Life: Kn |       |       |       |     1 |       |       ||     1
       Ancestor Identity |       |       |       |     1 |       |       ||     1
       Idealise          |       |       |       |       |     3 |       ||     3
Evoke: Wand              |       |       |       |     5 |       |       ||     5
  Use: Scroll            |       |    11 |       |    14 |     9 |     1 ||    35
       Potion            |       |       |     2 |     1 |     6 |     1 ||    10
 Stab: Sleeping          |       |       |       |     1 |       |       ||     1
Armor: Robe              |    11 |       |       |       |       |       ||    11
       Steam dragon scal |       |       |     1 |    10 |    10 |       ||    21
Dodge: Dodged            |    29 |     2 |    42 |   164 |   289 |    55 ||   581
       Repelled          |       |       |       |     1 |     7 |     3 ||    11
